 Dungeon Crawl Stone Soup version 0.16-a0-2072-gc0ac6de (webtiles) character file.

689 wvc the Cutter (level 7, -1/32 HPs)
             Began as a Vine Stalker Artificer on Nov 11, 2014.
             Slain by Menkaure (9 damage)
             ... on level 5 of the Dungeon.
             The game lasted 00:10:24 (3348 turns).

wvc the Cutter (Vine Stalker Artificer)             Turns: 3348, Time: 00:10:24

Health: -1/32      AC:  4    Str: 16    XL:     7   Next: 63%
Magic:  0/12       EV:  8    Int: 12    God:
Gold:   141        SH:  9    Dex: 14    Spells: 0 memorised, 6 levels left

rFire  . . .     SeeInvis .     m - +1 dagger (venom)
rCold  . . .     Clarity  .     e - +0 leather armour
rNeg   . . .     SustAb   .     o - +1 shield
rPois  .         Gourm    +     (no helmet)
rElec  .         Spirit   +     l - +0 cloak
rCorr  .         Warding  .     (no gloves)
rMut   .         Stasis   .     (no boots)
MR     .....                    t - amulet of the gourmand
Stlth  ++........               (no ring)
                                (no ring)

@: not resistant to hostile enchantments, unstealthy
A: fangs 2, regeneration 2, magic shield, antimagic bite, no device heal 3, rot
immunity
a: no special abilities


You were on level 5 of the Dungeon.
You were full.

You visited 1 branch of the dungeon, and saw 5 of its levels.

You collected 141 gold pieces.

Inventory:

Hand weapons
 g - a +0 rapier
 m - a +1 dagger of venom (weapon)
 s - a +3 short sword
Missiles
 n - 22 stones (quivered)
Armour
 e - a +0 leather armour (worn)
 l - a +0 cloak (worn)
 o - a +1 shield (worn)
Jewellery
 a - a +5 ring of evasion {unknown}
 t - an amulet of the gourmand (around neck)
Magical devices
 b - a wand of flame (15)
 c - a wand of enslavement (15)
 d - a wand of random effects (15)
 j - a wand of flame (13)
 y - a wand of random effects (17)
Scrolls
 h - 2 scrolls of blinking
 i - 3 scrolls of teleportation
 r - 2 scrolls of remove curse
 x - 3 scrolls of identify
Potions
 k - a potion of cure mutation
 q - 3 potions of curing
 z - a potion of invisibility
Books
 v - a book of Changes

   Spells                             Type                      Level
   Beastly Appendage                  Transmutation                1
   Sticks to Snakes                   Transmutation                2
   Spider Form                        Transmutation/Poison         3
   Ice Form                           Ice/Transmutation            4
   Blade Hands                        Transmutation                5
 w - a book of the Dragon

   Spells                             Type                      Level
   Flight                             Charms/Air                   3
   Cause Fear                         Hexes                        4
   Bolt of Fire                       Conjuration/Fire             6
   Dragon Form                        Transmutation                7
   Dragon's Call                      Summoning                    9
Comestibles
 f - 2 bread rations
 p - a meat ration
 u - 2 beef jerkies


   Skills:
 - Level 0.8 Fighting
 * Level 6.2 Short Blades
 - Level 2.0 Armour
 - Level 1.5 Dodging
 - Level 1.2 Stealth
 + Level 2.6 Shields
 - Level 2.6 Evocations


You had 6 spell levels left.
You didn't know any spells.

Dungeon Overview and Level Annotations

Branches:
Dungeon (5/15)
 Temple: D:4-7

Altars:

Annotations:
D:5 Menkaure


Innate Abilities, Weirdness & Mutations

You have extremely sharp teeth.
You heal very quickly.
When hurt, damage is shared between your health and your magic reserves.
Your bite disrupts and absorbs the magic of your enemies.
Potions and wands cannot restore your health.
You are immune to rotting.


Message History

Menkaure is moderately damaged.
You hit Menkaure but do no damage. You bite Menkaure, but do no damage.
Menkaure is moderately damaged.
Menkaure's bandages flutter.
Menkaure hits you.
You hit Menkaure but do no damage. Your bite misses Menkaure.
Menkaure is moderately damaged.
Menkaure hits you!
* * * LOW HITPOINT WARNING * * *
You are too injured to fight recklessly!
You are too injured to fight recklessly!
You are too injured to fight recklessly!
You hit Menkaure. You bite Menkaure.
Menkaure's magic leaks into the air.
You drain his magic.
You feel invigorated.
Menkaure is heavily damaged.
You hit Menkaure but do no damage. You bite Menkaure.
Menkaure's magic leaks into the air.
You drain his magic.
You feel invigorated.
Menkaure is severely damaged.
Menkaure hits you!!
You die...

#.## ...# ### #..#
... #..# .# ... #..#
.# # #$.##.## #
########..#...###
.........M..#.....
#.####.##@....# #.
#..#.## #.##..#.#
####.......####.#
#...........(..$.$
#.##..#.#.##.##.#
#..#.......#.#
#(..(..).....#
#.#####(##......#...


You could see Menkaure.

Vanquished Creatures
  A phantom (D:4)
  An ogre (D:4)
  Sigmund (D:2)
  A hound (D:4)
  2 orc priests
  3 worker ants
  An orc wizard (D:4)
  Ijyb (D:2)
  Jessica (D:2)
  Terence (D:2)
  3 gnolls (D:4)
  5 adders
  2 worms (D:3)
  2 oozes
  17 orcs
  2 ball pythons (D:3)
  7 giant cockroaches
  10 goblins
  12 hobgoblins
  18 kobolds
  A quokka (D:5)
  8 bats
  4 giant geckos
  A giant newt (D:5)
  2 orc skeletons (D:4)
  15 rats
122 creatures vanquished.

Notes
Turn   | Place    | Note
--------------------------------------------------------------
     0 | D:1      | wvc, the Vine Stalker Artificer, began the quest for the Orb.
     0 | D:1      | Reached XP level 1. HP: 9/9 MP: 1/1
    13 | D:1      | Reached skill level 1 in Short Blades
    44 | D:1      | Reached XP level 2. HP: 4/14 MP: 3/3
   387 | D:1      | Reached XP level 3. HP: 13/17 MP: 3/5
   706 | D:2      | Reached skill level 1 in Armour
   813 | D:2      | Noticed Ijyb
   865 | D:2      | Killed Ijyb
   962 | D:2      | Noticed Jessica
   969 | D:2      | Killed Jessica
   969 | D:2      | Reached XP level 4. HP: 21/21 MP: 6/6
  1142 | D:2      | Reached skill level 3 in Short Blades
  1212 | D:2      | Noticed Terence
  1222 | D:2      | Killed Terence
  1222 | D:2      | Reached XP level 5. HP: 17/25 MP: 7/9
  1315 | D:2      | Noticed Sigmund
  1341 | D:2      | Killed Sigmund
  1341 | D:2      | Reached skill level 4 in Short Blades
  1993 | D:3      | Gained mutation: You heal very quickly. [vine stalker growth]
  1993 | D:3      | Reached XP level 6. HP: 29/29 MP: 10/10
  2416 | D:4      | Reached skill level 5 in Short Blades
  2416 | D:4      | Reached skill level 1 in Shields
  2685 | D:4      | Reached XP level 7. HP: 30/32 MP: 12/12
  2956 | D:4      | Reached skill level 6 in Short Blades
  3152 | D:5      | Entered Level 5 of the Dungeon
  3330 | D:5      | Noticed Menkaure
  3348 | D:5      | Slain by Menkaure

Action                   |  1- 3 |  4- 6 |  7- 9 || total
-------------------------+-------+-------+-------++-------
Melee: Short sword       |   100 |       |       ||   100
       Dagger            |    23 |   247 |   105 ||   375
Evoke: Wand              |       |     3 |     1 ||     4
  Use: Scroll            |       |    12 |     4 ||    16
 Stab: Sleeping          |     2 |     1 |       ||     3
  Eat: Chunk             |       |     5 |     6 ||    11
       Pizza             |       |     1 |     1 ||     2
       Beef jerky        |       |     1 |       ||     1
